 Dungeon Sprint DCSS version 0.30.1-11-g7821555f0a (webtiles) character file.

Game seed: 16132075596771914628

702 Groucho the Geomancer (level 7, -1/37 HPs)
             Began as a Deep Elf Earth Elementalist on Jan 1, 2024.
             Was an Elder of Sif Muna.
             Slain by a demonic crawler (11 damage)
             ... in the Dungeon (Sprint VII: "The Pits").
             The game lasted 00:03:35 (1584 turns).

Groucho the Geomancer (Deep Elf Earth Elementalist) Turns: 1584, Time: 00:03:36

Health: -1/37      AC:  2    Str:  5    XL:     7   Next: 38%
Magic:  15/19      EV: 12    Int: 22    God:    Sif Muna [****..]
Gold:   0          SH:  0    Dex: 15    Spells: 12/20 levels left

rFire   . . .        h - +2 dagger
rCold   . . .        (no shield)
rNeg    . . .        a - +0 robe
rPois   .            (no helmet)
rElec   .            (no cloak)
rCorr   .            (no gloves)
SInv    .            (no boots)
Will    .....        (no amulet)
Stlth   ++           (no ring)
HPRegen 0.26/turn    (no ring)
MPRegen 0.16/turn

%: no teleportation
@: no status effects
A: no striking features
a: Renounce Religion, Channel Magic, Forget Spell, Divine Exegesis


You were in the Dungeon.
You worshipped Sif Muna.
Sif Muna was greatly pleased with you.
You visited 1 branch

Inventory:

Hand Weapons
 h - a +2 dagger (weapon)
Armour
 a - a +0 robe (worn)
Scrolls
 g - a scroll of blinking
 j - 5 scrolls of amnesia
 k - a scroll of butterflies
Potions
 b - 4 potions of magic
 c - 6 potions of curing
 d - 4 potions of heal wounds
 e - a potion of haste
 f - 3 potions of berserk rage
 i - 2 potions of invisibility


   Skills:
 + Level 0.5 Fighting
 + Level 0.7 Short Blades
 + Level 2.4 Dodging
 + Level 2.4 Stealth
 + Level 7.0 Spellcasting
 + Level 10.0 Conjurations
 - Level 10.0 Transmutations
 - Level 10.0 Earth Magic


You had 12 spell levels left.
You knew the following spells:

 Your Spells              Type           Power      Damage    Failure   Level
a - Sandblast             Erth           100%       2d20      1%          1
b - Stone Arrow           Conj/Erth      100%       3d13      1%          3
c - Petrify               Tmut/Erth      51%        N/A       1%          4

Your spell library contained the following spells:

 Spells                   Type           Power      Damage    Failure   Level
 Passwall                 Tmut/Erth      42%        N/A       1%          2


Dungeon Overview and Level Annotations

Branches:
Dungeon (1/1)

Altars:
Ashenzari
Cheibriados
Dithmenos
Elyvilon
Fedhas
Gozag
Hepliaklqana
Kikubaaqudgha
Makhleb
Nemelex Xobeh
Okawaru
Qazlal
Ru
Sif Muna
Trog
Uskayaw
Vehumet
Wu Jian
Xom
Yredelemnul
Zin
The Shining One
Jiyva
Lugonu


Message History

The black bear bites you. The black bear claws you. x2
Casting: Stone Arrow (safe; 1% risk of failure)
Confirm with . or Enter, or press ? or * to list all spells.
Aiming: Stone Arrow (safe; 1% risk of failure)
Press: ? - help, Shift-Dir - straight line, f/p - black bear
Aim: a black bear (heavily wounded, 84% to hit)
The stone arrow hits the black bear!
You kill the black bear!
Sif Muna accepts your kill.
Training target 10.0 for Transmutations reached!
Training target 10.0 for Conjurations reached!
Your Conjurations skill increases to level 10!
Your Transmutations skill increases to level 10!
You need to enable at least one skill for training.
You see here a black bear corpse.
You start resting.
Magic restored.
You start resting.
HP restored.
You start waiting.
Done waiting.
There is an open door here.
As you open the door, it creaks loudly!
A demonic crawler comes into view.
The demonic crawler gives a hideous shriek!
Casting: Stone Arrow (safe; 1% risk of failure)
Confirm with . or Enter, or press ? or * to list all spells.
Aiming: Petrify (dangerous; 1% risk of failure)
Press: ? - help, Shift-Dir - straight line, f - demonic crawler
Aim: a demonic crawler (chance to affect: 37%)
The demonic crawler is moving more slowly.
The demonic crawler hits you! x2
The demonic crawler hits you but does no damage.
Unknown command.
Unknown command.
You feel much better. The demonic crawler hits you!!
Ouch! That really hurt!
* * * LOW HITPOINT WARNING * * *
The demonic crawler hits you!
You die...

#.#.)#.)))[##.......#
#'###########.......#
#.......# #########
#.###...# #.#.....#
#.#...#†#+#
#.....#.#.+
#...###†#'#
#......@s.#
###########


You could see a demonic crawler (petrifying).

Vanquished Creatures
  A flying skull (D)
  A warg (D)
  A floating eye (D)
  A black bear (D)
  An ice beast (D)
  2 scorpions (D)
  An iguana (D)
  A gnoll (D)
  An orc (D)
  A ball python (D)
  A bat (D)
  An endoplasm (D)
  2 quokkas (D)
  A frilled lizard (D)
16 creatures vanquished.

Notes
Turn   | Place    | Note
-------+----------+-------------------------------------------
     0 | D        | Groucho the Deep Elf Earth Elementalist began the quest for
                  | the Orb.
     0 | D        | Reached XP level 1. HP: 10/10 MP: 6/6
     8 | D        | Noticed a floating eye
    10 | D        | Paralysed by a floating eye for 2 turns
    12 | D        | Killed a floating eye
    13 | D        | Reached XP level 2. HP: 15/15 MP: 3/12
    13 | D        | Reached XP level 3. HP: 19/19 MP: 3/13
    13 | D        | Reached XP level 4. HP: 24/24 MP: 3/15
    17 | D        | Learned a level 3 spell: Stone Arrow
   398 | D        | Found a glowing golden altar of the Shining One.
   398 | D        | Found a glowing silver altar of Zin.
   398 | D        | Found a basalt altar of Yredelemnul.
   398 | D        | Found a shimmering altar of Xom.
   398 | D        | Found an ornate altar of the Wu Jian Council.
   398 | D        | Found a bloodstained altar of Trog.
   398 | D        | Found a shimmering blue altar of Sif Muna.
   398 | D        | Found a sacrificial altar of Ru.
   398 | D        | Found a stormy altar of Qazlal.
   398 | D        | Found an iron altar of Okawaru.
   398 | D        | Found a sparkling altar of Nemelex Xobeh.
   398 | D        | Found a burning altar of Makhleb.
   398 | D        | Found a viscous altar of Jiyva.
   398 | D        | Found a hazy altar of Hepliaklqana.
   398 | D        | Found an opulent altar of Gozag.
   398 | D        | Found a blossoming altar of Fedhas.
   398 | D        | Found a white marble altar of Elyvilon.
   398 | D        | Found a shadowy altar of Dithmenos.
   398 | D        | Found a snail-covered altar of Cheibriados.
   399 | D        | Found a radiant altar of Vehumet.
   399 | D        | Found a corrupted altar of Lugonu.
   400 | D        | Found an ancient bone altar of Kikubaaqudgha.
   400 | D        | Found a hide-covered altar of Uskayaw.
   400 | D        | Found a broken altar of Ashenzari.
   401 | D        | Became a worshipper of Sif Muna the Loreminder
   415 | D        | Learned a level 4 spell: Petrify
   617 | D        | Reached * piety under Sif Muna
   857 | D        | Noticed a scorpion
   861 | D        | Killed a scorpion
   862 | D        | Reached XP level 5. HP: 28/28 MP: 9/16
  1077 | D        | Reached ** piety under Sif Muna
  1079 | D        | Reached skill level 10 in Earth Magic
  1130 | D        | Noticed a warg
  1264 | D        | Noticed a flying skull
  1266 | D        | Killed a warg
  1266 | D        | Reached *** piety under Sif Muna
  1266 | D        | Noticed an ice beast
  1267 | D        | Reached XP level 6. HP: 20/32 MP: 11/18
  1269 | D        | Killed an ice beast
  1270 | D        | Killed a flying skull
  1271 | D        | Reached XP level 7. HP: 21/36 MP: 2/19
  1432 | D        | Reached **** piety under Sif Muna
  1444 | D        | Reached skill level 10 in Conjurations
  1444 | D        | Reached skill level 10 in Transmutations
  1581 | D        | Noticed a demonic crawler
  1584 | D        | Slain by a demonic crawler

Illustrated notes

Levels and vault maps discovered:
D:        pitsprint [storerooms_1, entrance_room_1, metal_vault_5, armoury_1,
          mini_pit_1, grid_room_1, main_hall_1, silver_pit, the_coven_1,
          the_vestibule_1, steel_vault_1, golden_pit, hallway_of_sentries,
          crystal_vault_4, iron_vault_2, final_vault]

Skill      XL: |  1  2  3  4  5  6  7 |
---------------+----------------------+-----
Spellcasting   | 7 |  7.0
Earth Magic    | 8 9 10 | 10.0
Conjurations   | 3 6 9 10 | 10.0
Transmutations | 3 6 9 10 | 10.0
Fighting       | |  0.5
Short Blades   | |  0.7
Dodging        | |  2.4
Stealth        | |  2.4

Action                     |  1- 3 |  4- 6 |  7- 9 || total
---------------------------+-------+-------+-------++-------
  Melee: Dagger            |       |       |     1 ||     1
   Cast: Sandblast         |     3 |    10 |       ||    13
         Stone Arrow       |       |     9 |     5 ||    14
         Petrify           |       |       |     1 ||     1
    Use: Potion            |       |       |     3 ||     3
 Armour: Robe              |       |     2 |     1 ||     3
  Dodge: Dodged            |       |     4 |     2 ||     6
